 Dungeon Crawl Stone Soup version 0.18.1-50-g88ac8fd (webtiles) character file.

265 Mesmaeker13 the Digger (level 6, -2/32 HPs)
             Began as a Gargoyle Earth Elementalist on Oct 26, 2016.
             Slain by a centaur (9 damage)
             ... on level 6 of the Dungeon.
             The game lasted 00:05:13 (1944 turns).

Mesmaeker13 the Digger (GrEE)                       Turns: 1944, Time: 00:05:14

Health: -2/32      AC:  6    Str: 12    XL:     6   Next: 20%
Magic:  9/12       EV: 12    Int: 17    God:
Gold:   72         SH:  0    Dex: 10    Spells: 1 memorised, 12 levels left

rFire  . . .     SeeInvis .     b - 50 stones
rCold  . . .     Gourm    .     a - +0 robe
rNeg   + . .     Faith    .     (no shield)
rPois  ∞         Spirit   .     (no helmet)
rElec  +         Dismiss  .     (no cloak)
rCorr  .         Reflect  .     (no gloves)
SustAt .         Harm     .     (no boots)
MR     .....                    (no amulet)
Stlth  +++.......               (no ring)
                                u - ring of stealth

@: about to teleport, not resistant to hostile enchantments, fairly stealthy
A: negative energy resistance 1, electricity resistance, unbreathing,
petrification resistance, rot immunity, AC +4
a: no special abilities


You were on level 6 of the Dungeon.
You were not hungry.

You visited 1 branch of the dungeon, and saw 4 of its levels.

You collected 72 gold pieces.

Inventory:

Hand Weapons
 f - a +0 club
 l - a +0 dagger
 r - a +0 spear
Missiles
 b - 50 stones (in hand)
 m - 22 poisoned needles
Armour
 a - a +0 robe (worn)
 o - a cursed +0 scale mail
Jewellery
 u - a ring of stealth (left hand)
Scrolls
 h - a scroll of amnesia
 n - 2 scrolls of recharging
 p - a scroll of fear {unknown}
 t - a scroll of enchant armour {unknown}
Potions
 e - a potion of berserk rage
 i - a potion of flight
 k - a potion of ambrosia {unknown}
 q - a potion of curing {unknown}
 v - a potion of haste {unknown}
Books
 c - a book of Geomancy

   Spells                             Type                      Level
   a - Sandblast                      Earth                        1
   b - Passwall                       Transmutation/Earth          2
   c - Stone Arrow                    Conjuration/Earth            3
   d - Petrify                        Transmutation/Earth          4
   e - Lee's Rapid Deconstruction     Earth                        5
Comestibles
 d - a bread ration
 s - a chunk of flesh


   Skills:
 - Level 1.5 Dodging
 - Level 2.1 Stealth
 + Level 4.2 Spellcasting
   Level 0.7 Transmutations
 + Level 6.3 Earth Magic


You had 12 spell levels left.
You knew the following spells:

 Your Spells              Type           Power        Failure   Level  Hunger
a - Sandblast             Erth           ####..       1%          1    None


Dungeon Overview and Level Annotations

Branches:
Dungeon (3/15)

Altars:


Innate Abilities, Weirdness & Mutations

You are resistant to torment.
Your stone body is resilient (AC +4).
You are immune to poison.
You resist negative energy.
You are resistant to electric shocks.
You can survive without breathing.
You are immune to petrification.
You are immune to rotting.


Message History

Confirm with . or Enter, or press ? or * to list all spells.
Aiming: Sandblast
Press: ? - help, Shift-Dir - straight line, f/p - centaur
Aim: a centaur, wearing an amulet of rage (moderately wounded, berserk, fast, unusually strong)
The rocky blast hits the centaur.
The centaur is heavily wounded.
The centaur hits you!
* * * LOW HITPOINT WARNING * * *
The centaur closely misses you. The centaur misses you.
The centaur rages.
The centaur hits you.
* * * LOW HITPOINT WARNING * * *
The centaur closely misses you.
Drink which item? (? for menu, Esc to quit)
Okay, then.
Read which item? (? for menu, Esc to quit)
As you read the scroll of teleportation, it crumbles to dust.
You feel strangely unstable. The centaur hits you!
You die...

#.............
#....†...>###
######.[...#
#.###.#
#.÷##.####
###..##....##
#.......##..#
#.#####.###.#
#.#
#..##@#####
#.#
##.##.c...#
#)# . #####(#
#.# #. #.# #.#
... #.# ..#..
#.# ... .##
##.# .... .#
#..# ....c .#


You could see a centaur (berserk).

Vanquished Creatures
  A sky beast (D:6)
  A centaur zombie (D:6)
  A jelly (D:6)
  4 gnolls (D:2)
  2 adders (D:2)
  3 worms
  A dart slug (D:1)
  2 giant geckos
  A giant cockroach (D:1)
  5 goblins
  10 hobgoblins
  2 jackals (D:2)
  4 bats (D:1)
  4 giant newts
  2 kobolds (D:1)
  4 rats
47 creatures vanquished.

Notes
Turn   | Place    | Note
--------------------------------------------------------------
     0 | D:1      | Mesmaeker13 the Gargoyle Earth Elementalist began the quest for the Orb.
     0 | D:1      | Reached XP level 1. HP: 10/10 MP: 3/3
   124 | D:1      | Reached skill level 4 in Earth Magic
   124 | D:1      | Reached XP level 2. HP: 13/15 MP: 0/5
   658 | D:2      | Reached XP level 3. HP: 19/19 MP: 4/6
  1003 | D:2      | Reached XP level 4. HP: 10/24 MP: 0/8
  1022 | D:2      | Reached skill level 5 in Earth Magic
  1763 | D:3      | You fall through a shaft for 3 floors!
  1807 | D:6      | Reached XP level 5. HP: 24/28 MP: 4/10
  1808 | D:6      | Noticed a sky beast
  1857 | D:6      | Killed a sky beast
  1857 | D:6      | Reached skill level 6 in Earth Magic
  1857 | D:6      | Reached XP level 6. HP: 32/32 MP: 6/12
  1944 | D:6      | Slain by a centaur

Skill      XL: |  1  2  3  4  5 |
---------------+----------------+-----
Earth Magic    | 4 5 6 |  6.3
Spellcasting   | 3 4 |  4.2
Dodging        | |  1.5
Stealth        | |  2.1
Transmutations | |  0.7

Action                   |  1- 3 |  4- 6 || total
-------------------------+-------+-------++-------
Melee: Unarmed           |     3 |       ||     3
       Club              |     2 |       ||     2
       Dagger            |       |    20 ||    20
 Cast: Sandblast         |    44 |    41 ||    85
  Use: Scroll            |       |     6 ||     6
 Stab: Sleeping          |       |     1 ||     1
  Eat: Chunk             |       |     4 ||     4
Armor: Robe              |    18 |    14 ||    32
Dodge: Dodged            |    32 |    17 ||    49
